 Dungeon Crawl Stone Soup version 0.31-a0-8-gd14b0f4ee2 (webtiles) character file.

Game seed: 15368289183903362053

466 Kuronicle the Trooper (level 7, -3/74 HPs)
             Began as an Ogre Fighter on May 6, 2023.
             Was a Follower of Nemelex Xobeh.
             Slain by a black bear (8 damage)
             ... on level 5 of the Dungeon.
             The game lasted 00:15:01 (4612 turns).

Kuronicle the Trooper (Ogre Fighter)                Turns: 4612, Time: 00:15:03

Health: -3/74      AC:  4    Str: 22    XL:     7   Next: 8%
Magic:  10/10      EV: 10    Int: 13    God:    Nemelex Xobeh [*.....]
Gold:   281        SH:  0    Dex:  7    Spells: 10/10 levels left

rFire   . . .        z - +0 giant spiked club
rCold   . . .        (shield currently unavailable)
rNeg    . . .        b - +0 robe
rPois   .            (helmet restricted)
rElec   .            p - +0 cloak
rCorr   .            (gloves unavailable)
SInv    .            (boots unavailable)
Will    .....        (no amulet)
Stlth   +            k - ring of flight
HPRegen 0.32/turn    (no ring)
MPRegen 0.12/turn

%: no passive effects
@: flying
A: large, unfitting armour, tough skin 1, hooves 1, clever 1
a: Renounce Religion, Draw Escape, Draw Destruction, Draw Summoning


You were on level 5 of the Dungeon.
You worshipped Nemelex Xobeh.
Nemelex Xobeh was aware of your devotion.
You visited 1 branch of the dungeon, and saw 5 of its levels.

You collected 281 gold pieces.

Inventory:

Hand Weapons
 a - a +0 war axe
 d - a +2 dagger of venom
 j - a +0 dagger of holy wrath
 l - a +1 whip of venom
 m - a +2 flail of draining
 u - a +2 dagger of flaming
 z - a +0 giant spiked club (weapon)
Armour
 b - a +0 robe (worn)
 c - a +0 kite shield
 p - a +0 cloak (worn)
 q - a +0 plate armour
Magical Staves
 g - a staff of death
Jewellery
 k - a ring of flight (left hand)
 x - a +6 ring of dexterity
Wands
 w - a wand of polymorph (4)
Scrolls
 o - 3 scrolls of teleportation
 r - a scroll of enchant weapon {unknown}
 s - a scroll of amnesia {unknown}
 v - a scroll of enchant armour {unknown}
 y - a scroll of fog {unknown}
Potions
 f - a potion of flight
 h - a potion of degeneration {unknown}
 i - 3 potions of curing
 n - a potion of brilliance
 t - 2 potions of might
 A - a potion of attraction {unknown}
 B - a potion of berserk rage {unknown}


   Skills:
 * Level 5.6 Fighting
 + Level 2.7(3.4) Axes
 + Level 2.7(3.2) Maces & Flails
 * Level 1.8 Armour
 * Level 3.2 Dodging
 - Level 3.7 Shields
 + Level 1.0 Unarmed Combat
 * Level 2.3 Spellcasting
 * Level 1.2 Invocations


You had 10 spell levels left.
You didn't know any spells.
Your spell library contained the following spells:

 Spells                   Type           Power      Damage    Failure   Level
 Scorch                   Fire           2%         2d5       36%         2
 Vhi's Electric Charge    Tloc/Air       2%         N/A       58%         3
 Flame Wave               Conj/Fire      1%         2d4       94%         4
 Arcjolt                  Conj/Air       0%         1d10      100%        5
 Summon Cactus Giant      Summ           0%         N/A       100%        6
 Maxwell's Capacitive Co  Air            0%         ∞         100%        8


Dungeon Overview and Level Annotations

Branches:
Dungeon (5/15)
 Temple: D:4-7

Altars:
Elyvilon
Nemelex Xobeh
Trog

Shops:
D:3 [   D:5 *(


Innate Abilities, Weirdness & Mutations

You are too large for most types of armour.
You have tough skin. (AC +1)
You have large cloven feet.
Your mind is acute. (Int +4, Str/Dex -1)


Message History

The black bear claws you.
* * * LOW HITPOINT WARNING * * *
The black bear attacks as you move away!
The black bear bites you.
* * * LOW HITPOINT WARNING * * *
The black bear barely misses you. The black bear claws you.
* * * LOW HITPOINT WARNING * * *
You barely miss the black bear. You kick the black bear.
The black bear is moderately wounded.
The black bear bites you.
* * * LOW HITPOINT WARNING * * *
The black bear claws you.
* * * LOW HITPOINT WARNING * * *
The black bear completely misses you. The black bear closely misses you. x2
The black bear barely misses you.
You draw a card...
You have drawn the Tomb.
Walls emerge from the floor!
The deck of cards glows slightly and disappears.
The black bear closely misses you. The black bear completely misses you.
The black bear claws you.
* * * LOW HITPOINT WARNING * * *
You barely miss the black bear.
The black bear is moderately wounded.
The black bear barely misses you. x2; The black bear claws you.
* * * LOW HITPOINT WARNING * * *
As you read the scroll of fear, it crumbles to dust.
You assume a fearsome visage.
The black bear looks frightened!
The jelly looks frightened!
The iguana looks frightened!
You hit the black bear but do no damage.
Your attack snaps the black bear out of its fear.
You kick the black bear, but do no damage.
The black bear is moderately wounded.
You closely miss the black bear.
The black bear is moderately wounded.
The black bear bites you.
* * * LOW HITPOINT WARNING * * *
The black bear completely misses you. The black bear claws you.
* * * LOW HITPOINT WARNING * * *
The black bear bites you!
You die...
Your body disappears without a glow.

#....§..# #
#..§...J###.#
#...........###
......#........
#######.###.#.##
................
#######.###.#.##
#h# #@# ### #.#
#.# #.# #.#
################.#
...#.............#
.#.#.#############


You could see a black bear and a jelly (fleeing).

Vanquished Creatures
  An ogre (D:5)
  A centaur zombie (D:4)
  A hound (D:4)
  A jelly (D:5)
  A sleepcap (D:5)
  An orc wizard (D:3)
  3 hound zombies (D:4)
  8 adders
  4 adder skeletons (D:4)
  4 adder zombies (D:4)
  2 worms
  3 dart slugs
  9 orcs
  6 ball pythons
  3 endoplasms
  6 giant cockroaches
  6 goblins
  4 hobgoblins
  A jackal (D:3)
  3 quokkas
  3 bats
  4 frilled lizards
  8 kobolds
  10 rats
93 creatures vanquished.

Vanquished Creatures (others)
  2 fungi (D:5)
  5 withered plants (D:4)
7 creatures vanquished.

Grand Total: 100 creatures vanquished

Notes
Turn   | Place    | Note
-------+----------+-------------------------------------------
     0 | D:1      | Kuronicle the Ogre Fighter began the quest for the Orb.
     0 | D:1      | Reached XP level 1. HP: 24/24 MP: 1/1
   232 | D:1      | Reached XP level 2. HP: 31/32 MP: 2/2
   802 | D:1      | Found a faded altar of an unknown god.
   956 | D:2      | Reached XP level 3. HP: 38/40 MP: 3/3
  1364 | D:2      | Gained mutation: You have large cloven feet. [potion of
                  | mutation]
  1364 | D:2      | Gained mutation: Your mind is acute. (Int +4, Str/Dex -1)
                  | [potion of mutation]
  1887 | D:3      | Found Apamaodgh's Antique Armour Boutique.
  1943 | D:3      | Reached XP level 4. HP: 48/49 MP: 5/5
  1966 | D:3      | Found a white marble altar of Elyvilon.
  2001 | D:3      | Reached skill level 1 in Spellcasting
  2366 | D:3      | Reached skill level 1 in Maces & Flails
  2382 | D:3      | Reached skill level 5 in Fighting
  2509 | D:3      | Reached skill level 1 in Armour
  2524 | D:3      | Reached XP level 5. HP: 27/57 MP: 5/7
  2853 | D:3      | Found a sparkling altar of Nemelex Xobeh.
  2865 | D:3      | Became a worshipper of Nemelex Xobeh the Trickster
  3047 | D:3      | Noticed a moth of wrath
  3051 | D:3      | Found a bloodstained altar of Trog.
  3784 | D:4      | Reached XP level 6. HP: 64/66 MP: 8/8
  3857 | D:4      | Reached skill level 1 in Unarmed Combat
  3891 | D:4      | Reached * piety under Nemelex Xobeh
  4273 | D:5      | Entered Level 5 of the Dungeon
  4284 | D:5      | Found Imaucoatz's Assorted Antiques.
  4291 | D:5      | Reached skill level 1 in Invocations
  4302 | D:5      | Reached XP level 7. HP: 60/72 MP: 10/10
  4580 | D:5      | Received a gift from Nemelex Xobeh
  4592 | D:5      | Found Voerch's Weapon Boutique.
  4612 | D:5      | Slain by a black bear

Illustrated notes

Levels and vault maps discovered:
D:1:      eino_arrival_water_cross, layout_basic, basic_ecumenical_altar
D:2:      layout_basic, interstate_on_off
D:3:      layout_loops_corners, tgw_trog, nemelex_dance_club_becter,
          lemuel_round_altar, serial_shops, nicolae_diamond_shop,
          kennysheep_nub, minmay_pentomino_pile
D:4:      layout_basic, serial_undead, serial_undead_b, serial_undead_a,
          serial_undead_b, serial_undead_d,
          hangedman_abyss_or_decor_jellyfish_corner
D:5:      layout_basic, serial_shops, nicolae_square_shop,
          nicolae_shop_getting_attention, uniq_crazy_yiuf_cottage

Skill      XL: |  1  2  3  4  5  6 |
---------------+-------------------+-----
Spellcasting   | 1 2 |  2.3
Maces & Flails | 1 2 |  2.7
Fighting       | 5 |  5.6
Armour         | 1 |  1.8
Dodging        | 3 |  3.2
Unarmed Combat | 1 |  1.0
Invocations    | 1 |  1.2
Axes           | |  2.7
Shields        | |  3.7

Action                     |  1- 3 |  4- 6 |  7- 9 || total
---------------------------+-------+-------+-------++-------
  Melee: War axe           |    51 |       |       ||    51
         Flail             |    47 |   174 |     3 ||   224
         Kick              |     5 |    33 |     2 ||    40
         Giant spiked club |       |       |     8 ||     8
 Invoke: Draw Escape       |       |       |     1 ||     1
    Use: Scroll            |     3 |     3 |     2 ||     8
         Potion            |     1 |     1 |       ||     2
   Stab: Sleeping          |       |     1 |       ||     1
 Armour: Robe              |    32 |    61 |    10 ||   103
  Dodge: Dodged            |    36 |    84 |    16 ||   136
  Block: Kite shield       |    44 |    67 |     1 ||   112

Table legend: (Time is in decaauts)
 A = Elapsed time spent in this place.
 B = Non-inter-level travel time spent in this place.
 C = Inter-level travel time spent in this place.
 D = Time resting spent in this place.
 E = Time spent auto-exploring this place.
 F = Levels seen in this place.
 G = Mean time per level.
                   A        B        C        D        E       F      G
               +--------+--------+--------+--------+--------+-----+--------+
         Total |   4738 |   4521 |    217 |    175 |   2990 |   5 |  947.6 |
       Dungeon |   4738 |   4521 |    217 |    175 |   2990 |   5 |  947.6 |
               +--------+--------+--------+--------+--------+-----+--------+

Top non-repeatable levels by time:
     D:3: 1609 daAuts
     D:2: 963 daAuts
     D:1: 931 daAuts
     D:4: 889 daAuts
     D:5: 345 daAuts
